 Dungeon Crawl Stone Soup version 0.15-a0-861-g2f358d9 (console) character file.

301 Heavyweight the Cudgeler (level 6, 0/51 HPs)
             Began as a Centaur Berserker on May 15, 2014.
             Was a Believer of Trog.
             Shot with an arrow by a centaur (10 damage)
             ... on Level 5 of the Dungeon.
             The game lasted 00:04:27 (715 turns).

Heavyweight the Cudgeler (Centaur Berserker)         Turns: 715, Time: 00:04:27

HP   0/51        AC  6     Str 21      XL: 6   Next: 14%
MP   5/5         EV  7     Int  6      God: Trog [**....]
Gold 27          SH  0     Dex  9      Spells:  0 memorised,  5 levels left

rFire  . . .     SeeInvis .     m - +0 flail
rCold  . . .     Clarity  .     j - +0 scale mail
rNeg   . . .     Conserve .     (no shield)
rPois  .         rCorr    .     (no helmet)
rElec  .         rRot     .     (no cloak)
SustAb .         Spirit   .     (no gloves)
rMut   .         Warding  .     (no barding)
Gourm  .         Stasis   .     (no amulet)
MR     +....                    (no ring)
                                n - ring of protection from magic

@: very quick, somewhat resistant to hostile enchantments, extremely unstealthy
A: hooves 3, deformed body, herbivore 1, speed 2, fast metabolism 1, tough skin
3
a: Burn Spellbooks, Berserk, Trog's Hand, Renounce Religion


You were on level 5 of the Dungeon.
You worshipped Trog.
Trog was pleased with you.
You were hungry.

You visited 1 branch of the dungeon, and saw 5 of its levels.

You collected 27 gold pieces.

Inventory:

Hand weapons
 a - a +1,+2 flail
 m - a +0,+0 flail (weapon)
Armour
 j - a +0 scale mail (worn)
Magical devices
 i - a wand of frost (11)
Comestibles
 c - 2 bread rations
 d - an apple
 l - a meat ration
Scrolls
 b - 2 scrolls of remove curse {unknown}
 f - a scroll of random uselessness {unknown}
 g - a scroll of blinking {unknown}
 h - a scroll of enchant weapon I {unknown}
 k - a scroll of recharging {unknown}
 o - a scroll of teleportation {unknown}
 q - a scroll of immolation {unknown}
 r - a scroll of fear {unknown}
Jewellery
 n - a ring of protection from magic (left hand)
Potions
 e - 3 potions of curing
 p - a potion of lignification {unknown}
 s - a potion of poison {unknown}


   Skills:
 - Level 3.0 Fighting
 + Level 6.3 Maces & Flails
 - Level 1.3 Armour
 - Level 1.3 Dodging


You had 5 spell levels left.
You didn't know any spells.

Dungeon Overview and Level Annotations

Branches:
Dungeon (5/15)
 Temple: D:4-7

Altars:


Innate Abilities, Weirdness & Mutations

You have hooves in place of feet.
Armour fits poorly on your strangely shaped body.
You digest meat inefficiently.
You cover ground very quickly.
You have a fast metabolism.
You have extremely tough skin (AC +3).


Message History

Trog is pleased with you.
Found a pink potion.
Found a spear.
You are feeling hungry.
e - 3 potions of curing (gained 1)
r - a scroll labeled PNATSO ROKHEUCOKKI
Found a lumpy black potion.
Found a stone staircase leading down.
s - a pink potion A centaur comes into view.
The centaur shouts!
The centaur wields a shortbow.
The centaur shoots an arrow.
The arrow hits you!
* * * LOW HITPOINT WARNING * * *
You see here an arrow.
The centaur shoots an arrow.
The arrow barely misses you.
You see here an arrow.
A shadow imp comes into view.
The shadow imp shouts!
The centaur shoots an arrow.
The arrow hits you but does no damage.
The centaur shoots an arrow.
The arrow hits you!
You die...

.................
.................
.##...<.......... .
#............# .
#............####
#...............#
.##...........(.!.######
)............(...>..c5...
.##.............@###....
#..............# .
########.......#
#.......# #.......#
#.......# #.......#
#.......# #.......#


You could see a centaur and a shadow imp.

Vanquished Creatures
  A phantom (D:5)
  A hound (D:5)
  A quasit (D:5)
  2 worker ants
  An orc wizard (D:4)
  Ijyb (D:2)
  2 adders
  An adder skeleton (D:4)
  A giant gecko (D:5)
  6 orcs
  3 giant cockroaches
  2 hobgoblins
  A kobold (D:2)
  A quokka (D:4)
  A ball python (D:4)
  3 bats
  2 giant newts
  A goblin (D:2)
  A jackal zombie (D:5)
  A quokka skeleton (D:4)
  2 rats
35 creatures vanquished.

Notes
Turn   | Place    | Note
--------------------------------------------------------------
     0 | D:1      | Heavyweight, the Centaur Berserker, began the quest for the Orb.
     0 | D:1      | Reached XP level 1. HP: 19/19 MP: 1/1
    91 | D:2      | Noticed Ijyb
   111 | D:2      | Reached XP level 2. HP: 26/26 MP: 2/2
   118 | D:2      | Killed Ijyb
   118 | D:2      | Reached XP level 3. HP: 8/31 MP: 3/3
   193 | D:2      | Reached skill level 4 in Maces & Flails
   233 | D:1      | Acquired Trog's second power
   258 | D:2      | You fall through a shaft!
   308 | D:4      | Reached XP level 4. HP: 19/38 MP: 3/3
   519 | D:5      | Entered Level 5 of the Dungeon
   519 | D:5      | Noticed a phantom
   565 | D:5      | Reached skill level 5 in Maces & Flails
   565 | D:5      | Reached XP level 5. HP: 14/45 MP: 4/4
   573 | D:5      | Killed a phantom
   618 | D:5      | Reached skill level 6 in Maces & Flails
   640 | D:5      | Reached XP level 6. HP: 12/51 MP: 5/5
   711 | D:5      | Noticed a centaur
   715 | D:5      | Shot with an arrow by a centaur

Action                   |  1- 3 |  4- 6 || total
-------------------------+-------+-------++-------
Melee: Mace              |    49 |     3 ||    52
       Flail             |       |    49 ||    49
Invok: Berserk           |     3 |     1 ||     4
  Use: Potion            |       |     1 ||     1
